 Dungeon Crawl Stone Soup version 0.28.0-53-g5a82cb258f (webtiles) character file.

Game seed: 1716365171958308133

9467 Peloso the Carver (level 11, -7/97 HPs)
             Began as a Minotaur Fighter on May 28, 2022.
             Was an Elder of Okawaru.
             Mangled by an orc warlord
             ... wielding a +0 halberd
              (30 damage)
             ... in a bailey.
             The game lasted 00:19:21 (11297 turns).

Peloso the Carver (Minotaur Fighter)               Turns: 11297, Time: 00:19:21

Health: -7/97      AC: 23    Str: 27    XL:     11   Next: 23%
Magic:  10/11      EV: 12    Int:  5    God:    Okawaru [****..]
Gold:   529        SH: 12    Dex: 11    Spells: 10/10 levels left

rFire   . . .      SeeInvis .   a - +3 scimitar
rCold   . . .      Faith    .   c - +0 buckler
rNeg    . . .      Spirit   .   r - +1 chain mail
rPois   .          Reflect  +   C - +2 hat of the Valley of Death {Str+3}
rElec   .          Harm     .   F - +0 cloak
rCorr   .          Rampage  .   (no gloves)
Will    .....                   i - +0 pair of boots
Stlth   ..........              p - amulet of reflection
HPRegen 0.26/turn               A - +4 ring of protection
MPRegen 0.12/turn               (no ring)

@: heroic
A: horns 2, retaliatory headbutt
a: Renounce Religion, Heroism, Finesse


You were in a bailey.
You worshipped Okawaru.
Okawaru was greatly pleased with you.
You visited 1 branch of the dungeon, and saw 9 of its levels.
You also visited: Ossuary and Bailey.

You collected 745 gold pieces.
You spent 216 gold pieces at shops.

Inventory:

Hand Weapons
 a - a +3 scimitar (weapon)
 b - a +0 whip of flaming
Armour
 c - a +0 buckler (worn)
 i - a +0 pair of boots (worn)
 r - a +1 chain mail (worn)
 C - the +2 hat of the Valley of Death (worn) {Str+3}
   (You bought it in a shop on level 6 of the Dungeon)

   Str:       It affects your strength (+3).
 F - a +0 cloak (worn)
Jewellery
 p - an amulet of reflection (around neck)
 x - a +6 ring of intelligence
 A - a +4 ring of protection (left hand)
 H - a ring of magical power
Wands
 k - a wand of digging (8)
 G - a wand of polymorph (9)
Scrolls
 e - 2 scrolls of enchant armour
 f - a scroll of teleportation
 m - 3 scrolls of amnesia
 t - 3 scrolls of blinking
 u - 2 scrolls of immolation
 v - a scroll of fear
 w - a scroll of enchant weapon
 D - 2 scrolls of fog
 E - a scroll of noise
 J - a scroll of magic mapping
Potions
 d - a potion of might
 h - 3 potions of flight
 n - 2 potions of mutation
 o - 4 potions of curing
 q - 4 potions of brilliance
 s - a potion of resistance
 z - a potion of invisibility {unknown}
 B - a potion of haste {unknown}
 I - 2 potions of heal wounds {unknown}
 K - a potion of experience


   Skills:
 + Level 9.0(14.0) Fighting
 + Level 13.5(18.5) Long Blades
 + Level 10.0(15.0) Armour
 + Level 3.7(8.7) Dodging
 + Level 1.2(6.2) Stealth
 + Level 9.9(14.9) Shields
 + Level 1.7 Invocations
 + Level 0.2 Evocations


You had 10 spell levels left.
You didn't know any spells.
Your spell library contained the following spells:

 Spells                   Type           Power      Damage    Failure   Level
 Ensorcelled Hibernation  Hex/Ice        0%         N/A       98%         2
 Portal Projectile        Hex/Tloc       0%         N/A       100%        3
 Spider Form              Tmut/Pois      0%         N/A       100%        3
 Anguish                  Hex/Necr       0%         N/A       100%        4
 Leda's Liquefaction      Hex/Erth       0%         N/A       100%        4
 Call Canine Familiar     Summ           Unusable   N/A       N/A         3

Dungeon Overview and Level Annotations

Branches:
Dungeon (9/15)             Temple (0/1) D:6             Orc (0/2) D:9
Ossuary (visited)          Bailey (1/1)
   Lair: D:8-11

Altars:
Okawaru

Shops:
D:6 [

Annotations:
D:5 2 transporters, SnailSD's ghost, novice OpFi


Innate Abilities, Weirdness & Mutations

You have a pair of horns on your head.
You reflexively headbutt those who attack you in melee.


Message History

The orc warlord is lightly wounded.
You block the orc warlord's attack.
You slice the orc warlord!!
The orc warlord is moderately wounded.
You block the orc warlord's attack.
You slash the orc warlord! Your headbutt misses the orc warlord.
The orc warlord is moderately wounded.
You hit the orc warlord but do no damage.
The orc warlord is moderately wounded.
The orc warlord misses you. You furiously retaliate!
You headbutt the orc warlord. You barely miss the orc warlord.
You headbutt the orc warlord!
The orc warlord is heavily wounded.
You block the orc warlord's attack.
You slash the orc warlord!
The orc warlord is heavily wounded.
You barely miss the orc warlord.
The orc warlord is heavily wounded.
The orc warlord hits you with a +0 halberd!
You barely miss the orc warlord.
You headbutt the orc warlord, but do no damage.
The orc warlord is heavily wounded.
The orc warlord hits you but does no damage.
You hit the orc warlord. You headbutt the orc warlord!
The orc warlord is heavily wounded.
The orc warlord hits you with a +0 halberd!
You barely miss the orc warlord. You headbutt the orc warlord.
The orc warlord is severely wounded.
You hit the orc warlord but do no damage.
You headbutt the orc warlord.
The orc warlord is severely wounded.
The orc warlord hits you with a +0 halberd!!
* * * LOW HITPOINT WARNING * * *
You slash the orc warlord! You headbutt the orc warlord!
The orc warlord is almost dead.
The orc warlord hits you with a +0 halberd.
* * * LOW HITPOINT WARNING * * *
You feel better.
The orc warlord hits you with a +0 halberd!!
You die...

##.......##.. ##.......##
#.........#o..... #.........#
#.........###...###.........##
.....⌠.....###'###.....⌠.....#
#......)..##88.88##..)......##
#.........#.......#...).....#
##.......##.......##..)))).##
#.......'......o..'..)....#
##.....##......@.)##.....##
#######.....⌠.)...#######
##.........## #.........#
##.......## #.......#
##..∩..## #######


You could see an orc warlord.

Vanquished Creatures
  A death knight (D:9)
  Pikel (D:9)
  5 orc knights (Bailey)
  A troll (D:7)
  Grinder (D:6)
  3 dream sheep (D:7)
  3 wyverns
  3 shadows
  A wraith (D:9)
  An acid dragon (D:8)
  A water moccasin (D:7)
  A sky beast (D:6)
  9 orc warriors
  2 black bears
  A hornet zombie (D:5)
  5 centaurs
  An ogre (D:5)
  Blork the orc (D:5)
  A lemure (D:9)
  A kobold brigand (D:8)
  2 bullfrogs
  15 scorpions
  3 wights (D:7)
  2 howler monkeys (D:9)
  A bullfrog zombie (D:5)
  A centaur zombie (Ossuary)
  2 human zombies (Ossuary)
  3 hounds
  5 orc priests
  2 centaur skeletons
  A jelly (D:6)
  3 iguanas
  2 scorpion zombies (Ossuary)
  4 orc wizards
  A hound skeleton (D:4)
  A howler monkey zombie (D:5)
  3 mummies (Ossuary)
  11 gnolls
  10 adders
  A white imp (D:7)
  2 ufetubi
  6 worms
  52 orcs
  8 ball pythons
  4 bats
  2 endoplasms
  7 giant cockroaches
  17 goblins
  12 hobgoblins
  4 quokkas
  3 frilled lizards
  2 goblin zombies (Ossuary)
  8 kobolds
  5 kobold zombies (Ossuary)
  3 orc zombies (Ossuary)
  2 quokka zombies (D:4)
  8 rats
261 creatures vanquished.

Vanquished Creatures (others)
  A plant (D:9)
1 creature vanquished.

Grand Total: 262 creatures vanquished

Notes
Turn   | Place    | Note
-------+----------+-------------------------------------------
     0 | D:1      | Peloso the Minotaur Fighter began the quest for the Orb.
     0 | D:1      | Reached XP level 1. HP: 19/19 MP: 0/0
   134 | D:1      | Found a faded altar of an unknown god.
   256 | D:1      | Reached XP level 2. HP: 27/27 MP: 1/1
  1098 | D:2      | Reached skill level 3 in Long Blades
  1098 | D:2      | Reached XP level 3. HP: 33/33 MP: 2/2
  1601 | D:2      | Reached XP level 4. HP: 40/40 MP: 3/3
  2560 | D:3      | Reached skill level 4 in Long Blades
  3113 | D:3      | Reached XP level 5. HP: 26/47 MP: 4/4
  3761 | D:4      | Reached skill level 1 in Dodging
  3829 | D:4      | Found a sand-covered staircase.
  3836 | Ossuary  | Entered an ossuary
  3851 | Ossuary  | Reached skill level 5 in Long Blades
  3861 | Ossuary  | Reached XP level 6. HP: 53/53 MP: 5/5
  3895 | Ossuary  | Reached skill level 5 in Armour
  3903 | Ossuary  | Reached skill level 5 in Fighting
  4223 | Ossuary  | Reached skill level 6 in Long Blades
  4244 | Ossuary  | Reached XP level 7. HP: 55/61 MP: 6/6
  4248 | Ossuary  | Reached skill level 5 in Shields
  4408 | Ossuary  | Reached skill level 7 in Long Blades
  5053 | D:4      | Reached XP level 8. HP: 69/69 MP: 7/7
  5096 | D:4      | Reached skill level 8 in Long Blades
  5659 | D:5      | Entered Level 5 of the Dungeon
  5854 | D:5      | Noticed SnailSD's ghost (novice OpFi)
  5855 | D:5      | Found a transporter.
  5929 | D:5      | Found a transporter.
  6130 | D:5      | Noticed Blork the orc
  6138 | D:5      | Killed Blork the orc
  6463 | D:5      | Reached skill level 9 in Long Blades
  6719 | D:6      | Noticed Grinder
  6725 | D:6      | Killed Grinder
  6739 | D:6      | Found an iron altar of Okawaru.
  6755 | D:6      | Reached XP level 9. HP: 78/78 MP: 8/8
  6774 | D:6      | Became a worshipper of Warmaster Okawaru
  6872 | D:6      | Found a staircase to the Ecumenical Temple.
  7175 | D:6      | Found Ubaontyq's Antique Armour Shop.
  7183 | D:6      | Bought a translucent hat for 216 gold pieces
  7183 | D:6      | Identified the +2 hat of the Valley of Death {Str+3} (You
                  | bought it in a shop on level 6 of the Dungeon)
  7421 | D:6      | Reached skill level 10 in Long Blades
  7593 | D:7      | Reached * piety under Okawaru
  7670 | D:7      | Noticed a troll
  7674 | D:7      | Killed a troll
  7741 | D:7      | Reached skill level 11 in Long Blades
  8328 | D:7      | Reached ** piety under Okawaru
  8334 | D:7      | Reached XP level 10. HP: 71/86 MP: 9/9
  8347 | D:7      | Reached skill level 1 in Stealth
  8413 | D:7      | Found the +5 robe of Night {Dark Will+ SInv}
  9594 | D:9      | Noticed Pikel
  9615 | D:9      | Killed Pikel
  9615 | D:9      | Reached *** piety under Okawaru
  9616 | D:9      | Reached skill level 12 in Long Blades
  9616 | D:9      | Found a staircase to the Orcish Mines.
  9716 | D:9      | Found the +4 dagger "Morg" {pain, Will+ Int+5}
  9758 | D:9      | Found a flagged portal.
  9759 | D:9      | Noticed a death knight
  9780 | D:9      | Killed a death knight
  9780 | D:9      | Reached **** piety under Okawaru
  9857 | Bailey   | Entered a bailey
 10374 | Bailey   | Noticed an orc knight
 10375 | Bailey   | Noticed an orc knight
 10401 | Bailey   | Killed an orc knight
 10418 | Bailey   | Reached skill level 13 in Long Blades
 10438 | Bailey   | Reached skill level 1 in Invocations
 10453 | Bailey   | HP: 3/90 [orc warrior/+0 battleaxe (7)]
 10583 | Bailey   | Killed an orc knight
 10584 | Bailey   | Reached XP level 11. HP: 35/95 MP: 7/10
 10943 | Bailey   | Noticed an orc knight
 10957 | Bailey   | Killed an orc knight
 11111 | Bailey   | Noticed an orc knight
 11148 | Bailey   | Killed an orc knight
 11177 | Bailey   | Noticed an orc knight
 11200 | Bailey   | Killed an orc knight
 11201 | Bailey   | Reached skill level 10 in Armour
 11277 | Bailey   | Noticed an orc warlord
 11297 | Bailey   | Mangled by an orc warlord

Illustrated notes

Levels and vault maps discovered:
D:1:      mrwooster_arrival_statue_3, layout_basic, basic_ecumenical_altar,
          st_stairs_10, minmay_misc_feat_pillars
D:2:      layout_basic, minmay_cupped
D:3:      minmay_spotlight, layout_loops_ring, nicolae_wormholes
D:4:      layout_basic, enter_ossuary_4, minivault_24, kennysheep_nondescript
D:5:      layout_basic, gammafunk_ghost_arena, chequers_serial_rivers_micro_e,
          kennysheep_generic_room_9, uniq_blork_the_orc
D:6:      layout_rooms, okawaru_trees_2, minmay_temple_entry_enclosed_plants,
          serial_shops, nicolae_shop_waterfront, uniq_grinder
D:7:      layout_loops_ring, serial_rivers, chequers_serial_rivers_micro_a,
          chequers_serial_rivers_large_a, chequers_serial_rivers_marsh,
          chequers_serial_rivers_small_b, hellmonk_guarded_unrand_night
D:8:      layout_basic, minmay_misc_feat_five
D:9:      corexii_shack_village, layout_small_grid, david_lair_shrubbed,
          hiddenorc2_lemuel, gammafunk_ghost_wrathful_warriors, enter_bailey_5,
          nicolae_shop_self_help, uniq_pikel, uniq_grum, uniq_maggie
Bailey:   bailey_axe_minmay_hex_keep, bailey

Skill      XL: |  1  2  3  4  5  6  7  8  9 10 11 |
---------------+----------------------------------+-----
Armour         | 4 5 6 8 9 10 | 10.0
Shields        | 4 5 6 8 9 |  9.9
Long Blades    | 3 4 5 6 7 9 11 13 | 13.5
Fighting       | 4 5 6 7 8 9 |  9.0
Dodging        | 1 2 3 |  3.7
Stealth        | 1 |  1.2
Invocations    | 1 |  1.7
Evocations     | |  0.2

Action                   |  1- 3 |  4- 6 |  7- 9 | 10-12 || total
-------------------------+-------+-------+-------+-------++-------
Melee: Long sword        |    86 |   144 |   257 |       ||   487
       Headbutt          |     8 |    22 |    58 |    45 ||   133
       Scimitar          |       |       |    33 |   250 ||   283
Invok: Heroism           |       |       |       |    16 ||    16
Evoke: Wand              |       |       |     4 |     4 ||     8
  Use: Scroll            |       |     2 |     4 |    11 ||    17
       Potion            |       |     2 |       |     6 ||     8
Armor: Scale mail        |    47 |    38 |       |       ||    85
       Chain mail        |       |    34 |    90 |    77 ||   201
Dodge: Dodged            |    55 |    63 |    77 |    85 ||   280
Block: Buckler           |    25 |    47 |   133 |   122 ||   327
       Reflection        |       |       |     2 |     9 ||    11
